 Dungeon Crawl Stone Soup version 0.26-a0-835-g8259106e14 (webtiles) character file.

Game seed: 11634035867462205932

558 Kinoniko the Chopper (level 7, 25/52 HPs)
             Began as a Demonspawn Fighter on Nov 17, 2020.
             Quit the game on level 5 of the Dungeon.
             The game lasted 00:03:57 (4418 turns).

Kinoniko the Chopper (Demonspawn Fighter)           Turns: 4418, Time: 00:03:58

Health: 25/52      AC: 14    Str: 18    XL:     7   Next: 9%
Magic:  5/7        EV: 22    Int:  9    God:
Gold:   182        SH:  0    Dex: 13    Spells: 6/6 levels left

rFire    + . .     SeeInvis .   a - +0 war axe
rCold    + + .     Faith    .   (no shield)
rNeg     . . .     Spirit   +   d - +1 chain mail {rC+}
rPois    .         Reflect  .   (helmet restricted)
rElec    .         Harm     .   i - scarf {rC+ rF+}
rCorr    .         Rampage  .   q - +2 pair of gloves
MR       .....                  (no boots)
Stlth    ..........             g - amulet of the acrobat
HPRegen  0.17/turn              (no ring)
MPRegen  0.10/turn              (no ring)

@: mildly poisoned (25 -> 25), acrobat
A: antennae 1, demonic guardian 1, magic shield, sharp scales 1
a: no special abilities


You were on level 5 of the Dungeon.
You visited 1 branch of the dungeon, and saw 5 of its levels.

You collected 182 gold pieces.

Inventory:

Hand Weapons
 a - a +0 war axe (weapon)
Armour
 b - a +0 scale mail
 c - a +0 kite shield
 d - a +1 chain mail of cold resistance (worn)
 i - a scarf of resistance (worn)
 q - a +2 pair of gloves (worn)
Jewellery
 g - an amulet of the acrobat (around neck)
Scrolls
 f - 2 scrolls of amnesia
 h - 2 scrolls of magic mapping
 k - a scroll of fog
 l - a scroll of remove curse
 n - a scroll of enchant armour
 p - 2 scrolls of teleportation
 r - 2 scrolls of identify
 u - a scroll of fear {unknown}
Potions
 e - a potion of cancellation
 j - a potion of brilliance
 m - 4 potions of attraction {unknown}
 o - a potion of flight {unknown}
 s - a potion of berserk rage {unknown}
 t - a potion of heal wounds {unknown}
 v - a potion of invisibility {unknown}


   Skills:
 - Level 3.0 Fighting
 + Level 7.1 Axes
 - Level 2.6 Armour
 - Level 2.6 Shields


You had 6 spell levels left.
You didn't know any spells.
Your spell library was empty.

Dungeon Overview and Level Annotations

Branches:
Dungeon (5/15)
 Temple: D:4-7

Altars:


Innate Abilities, Weirdness & Mutations

You have a pair of small antennae on your head.
A weak demonic guardian rushes to your aid.
When hurt, damage is shared between your health and your magic reserves.
You are partially covered in razor-sharp scales. (AC +1, Slay +1)


Message History

The ogre is moderately wounded.
The ogre hits you with a +0 giant spiked club.
You swap places.
You feel sick.
Your ufetubus hits the ogre. x4
An orc priest comes into view. It is wielding a +0 hand axe.
You swap places.
Something hits your ufetubus!
Your ufetubus dies!
Your ufetubus barely misses the ogre. x2; The ogre misses your ufetubus.
Your ufetubus hits the ogre. x2
You feel sick.
Your ufetubus hits the ogre. x2
The ogre hits your ufetubus with a +0 giant spiked club.
Your ufetubus hits the ogre.
The ogre dies!
Your ufetubus barely misses the leopard gecko zombie. x2
Your Axes skill increases to level 7!
You have reached level 7!
Your demonic ancestry asserts itself...
A pair of antennae grows on your head!
You are too injured to fight recklessly!
You are too injured to fight recklessly!
Are you sure you want to abandon this character and quit the game? (Confirm with "yes".)

####.# #.#
......##########†#
#........<.#.# #
##.######....####.##
##.# #...........
##Z.# #.....<...##
#)#5# ###########
......oZ#.#
####.#.##@# #. ..
#.# # ... #.# #...
..# #.###..# .. #..#
#.## .. ##


You could see a leopard gecko zombie and a friendly ufetubus (summoned).

Vanquished Creatures
  An ogre (D:4)
  A centaur (D:5)
  An iguana (D:4)
  An orc priest (D:4)
  Terence (D:3)
  4 worker ants
  An adder (D:3)
  An ooze (D:1)
  A worm (D:2)
  3 dart slugs
  2 leopard geckos (D:1)
  9 orcs
  A ball python (D:1)
  10 bats
  4 giant cockroaches
  12 goblins
  11 hobgoblins
  4 jackals (D:4)
  5 frilled lizards
  9 kobolds
  3 quokka skeletons (D:4)
  2 rats (D:1)
87 creatures vanquished.

Vanquished Creatures (collateral kills)
  Sigmund (D:4)
  An ogre (D:5)
2 creatures vanquished.

Vanquished Creatures (others)
  A rat (D:1)
1 creature vanquished.

Grand Total: 90 creatures vanquished

Notes
Turn   | Place    | Note
-------+----------+-------------------------------------------
     0 | D:1      | Kinoniko the Demonspawn Fighter began the quest for the
                  | Orb.
     0 | D:1      | Reached XP level 1. HP: 18/18 MP: 1/1
   148 | D:1      | Reached skill level 2 in Axes
   169 | D:1      | Gained mutation: When hurt, damage is shared between your
                  | health and your magic reserves. [demonic ancestry]
   169 | D:1      | Reached XP level 2. HP: 8/24 MP: 2/2
   609 | D:1      | Reached skill level 3 in Axes
   715 | D:1      | Reached XP level 3. HP: 24/29 MP: 3/3
  2382 | D:3      | Reached XP level 4. HP: 33/35 MP: 2/4
  2418 | D:3      | Reached skill level 4 in Axes
  2456 | D:3      | Noticed Terence
  2465 | D:3      | Killed Terence
  3082 | D:4      | Gained mutation: A weak demonic guardian rushes to your
                  | aid. [demonic ancestry]
  3082 | D:4      | Reached XP level 5. HP: 32/41 MP: 5/5
  3217 | D:4      | Noticed an ogre
  3218 | D:4      | Noticed Sigmund
  3223 | D:4      | Killed an ogre
  3224 | D:4      | Reached skill level 5 in Axes
  3235 | D:4      | Killed Sigmund
  3236 | D:4      | Gained mutation: You are partially covered in razor-sharp
                  | scales. (AC +1, Slay +1) [demonic ancestry]
  3236 | D:4      | Reached XP level 6. HP: 23/47 MP: 4/6
  3573 | D:4      | Reached skill level 6 in Axes
  4356 | D:5      | Entered Level 5 of the Dungeon
  4418 | D:5      | Reached skill level 7 in Axes
  4418 | D:5      | Gained mutation: You have a pair of small antennae on your
                  | head. [demonic ancestry]
  4418 | D:5      | Reached XP level 7. HP: 25/52 MP: 5/7
  4418 | D:5      | Quit the game

Illustrated notes

Levels and vault maps discovered:
D:1:      minmay_arrival_widening_spiral_wide, layout_basic, minmay_tromino_v7
D:2:      layout_basic
D:3:      layout_loops_ring, uniq_terence
D:4:      layout_layer_cave, uniq_sigmund
D:5:      layout_loops_ring, nicolae_overflow_crystal_walls,
          vehumet_altar_wand_db, minmay_temple_entry_proselytizer,
          biasface_ghost_orc_armoury

Skill      XL: |  1  2  3  4  5  6 |
---------------+-------------------+-----
Axes           | 2 3 4 5 7 |  7.1
Fighting       | |  3.0
Armour         | |  2.6
Shields        | |  2.6

Action                   |  1- 3 |  4- 6 |  7- 9 || total
-------------------------+-------+-------+-------++-------
Melee: War axe           |   151 |   126 |       ||   277
  Use: Potion            |     2 |     2 |       ||     4
       Scroll            |       |     8 |       ||     8
Armor: Scale mail        |   109 |     4 |       ||   113
       Chain mail        |       |    86 |       ||    86
Dodge: Dodged            |   106 |    50 |       ||   156
Block: Kite shield       |     1 |       |       ||     1

Table legend: (Time is in decaauts)
 A = Elapsed time spent in this place.
 B = Non-inter-level travel time spent in this place.
 C = Inter-level travel time spent in this place.
 D = Time resting spent in this place.
 E = Time spent auto-exploring this place.
 F = Levels seen in this place.
 G = Mean time per level.
                   A        B        C        D        E       F      G
               +--------+--------+--------+--------+--------+-----+--------+
         Total |   4480 |   4330 |    150 |    715 |   2985 |   5 |  896.0 |
       Dungeon |   4480 |   4330 |    150 |    715 |   2985 |   5 |  896.0 |
               +--------+--------+--------+--------+--------+-----+--------+

Top non-repeatable levels by time:
     D:4: 1277 daAuts
     D:1: 1193 daAuts
     D:2: 1182 daAuts
     D:3: 761 daAuts
     D:5: 65 daAuts
